 Dungeon Crawl Stone Soup version 0.20-b1-18-gaa2fd62 (webtiles) character file.

115 cereshysteria the Chopper (level 4, -4/55 HPs)
             Began as a Demonspawn Chaos Knight on May 24, 2017.
             Killed by divine providence
             ... invoked by an orc priest
              (15 damage)
             ... on level 3 of the Dungeon.
             The game lasted 00:12:26 (2171 turns).

cereshysteria the Chopper (Demonspawn Chaos Knight) Turns: 2171, Time: 00:12:26

Health: -4/55      AC: 22    Str: 14    XL:     4   Next: 68%
Magic:  4/4        EV:  2    Int: 13    God:    Xom [...*..]
Gold:   95         SH:  0    Dex: 12    Spells: 3/3 levels left

rFire    x . .     SeeInvis .   a - +0 hand axe (chaos)
rCold    + . .     Gourm    .   (no shield)
rNeg     + + +     Faith    .   (armour currently unavailable)
rPois    +         Spirit   .   (helmet currently unavailable)
rElec    .         Reflect  .   (cloak currently unavailable)
rCorr    +         Harm     .   (gloves currently unavailable)
MR       .....     NoTele   +   (boots currently unavailable)
Stlth    +.........             (no amulet)
Regen    0.2/turn               i - ring of ice
MPRegen  0.1/turn               j - ring of resist corrosion

@: tree-form
A: no striking features
a: Renounce Religion


You were on level 3 of the Dungeon.
You worshipped Xom.
You were a favourite toy of Xom.
You were not hungry.
You were a tree.
You visited 1 branch of the dungeon, and saw 3 of its levels.

You collected 95 gold pieces.

Inventory:

Hand Weapons
 a - a +0 hand axe of chaos (weapon)
 h - a +0 mace
 o - a +0 war axe
Armour
 b - a +2 leather armour
 k - a +0 plate armour (melded)
 n - a +0 pair of gloves
 s - a +2 centaur barding
Magical Staves
 r - an uncursed staff of energy
Jewellery
 i - a ring of ice (left branch)
 j - a ring of resist corrosion (right branch)
 t - an uncursed ring of positive energy {unknown}
Scrolls
 c - a scroll of remove curse
Comestibles
 f - a royal jelly
 l - a bread ration


   Skills:
 + Level 3.7 Fighting
 + Level 3.9 Axes
 + Level 2.6 Armour
 + Level 1.1 Dodging


You had 3 spell levels left.
You didn't know any spells.

Dungeon Overview and Level Annotations

Branches:
Dungeon (3/15)

Altars:
Nemelex Xobeh
Xom

Annotations:
D:3 Robin


Innate Abilities, Weirdness & Mutations

((You have sharp toenails.))


Message History

The orc priest hits you but does no damage.
The orc hits you but does no damage.
You hit Robin.
Robin is severely wounded.
You closely miss the orc. x2; You barely miss the orc priest. "Serve the mortal, my child!"
Robin hits you but does no damage. The orc hits you but does no damage.
The orc priest invokes the aid of Beogh against you.
Beogh smites you!
* * * LOW HITPOINT WARNING * * *
The orc hits you but does no damage. Robin hits you but does no damage.
You barely miss Robin.
Robin is severely wounded.
You hit the orc but do no damage. You barely miss the orc.
You hit the orc priest. You burn the orc priest.
You kill the orc!
The orc hits you but does no damage.
The orc priest calls down the wrath of Beogh upon you.
Beogh smites you!
You die...

#<# #.# #.# #.#
.##.###.#
........#
.##.##..#
#.....# ####.5#
#)g# #♣)#
#.....o)o......
#######..####..
#$.. #.### #..
..# ###


You could see Robin, an orc priest, an orc and a friendly crimson imp.

Vanquished Creatures
  Jessica (D:2)
  2 adders (D:2)
  An ooze (D:3)
  3 dart slugs
  3 orcs (D:3)
  3 giant cockroaches
  11 goblins
  6 hobgoblins
  2 quokkas (D:2)
  8 bats
  7 frilled lizards
  5 kobolds
  6 rats
58 creatures vanquished.

Notes
Turn   | Place    | Note
-------+----------+-------------------------------------------
     0 | D:1      | cereshysteria the Demonspawn Chaos Knight began the quest for the Orb.
     0 | D:1      | Reached XP level 1. HP: 18/18 MP: 1/1
    27 | D:1      | Reached skill level 1 in Dodging
   377 | D:1      | XOM: divination: detect items
   394 | D:1      | Gained mutation: You have sharp toenails. [demonic ancestry]
   394 | D:1      | Reached XP level 2. HP: 23/24 MP: 2/2
   556 | D:1      | XOM: harmless Ice miscast
   670 | D:1      | XOM: scenery: create altars
   775 | D:2      | Noticed Jessica
   792 | D:2      | Killed Jessica
   792 | D:2      | Reached XP level 3. HP: 28/29 MP: 3/3
   845 | D:2      | XOM: scenery: create altars
   998 | D:2      | Reached XP level 4. HP: 24/37 MP: 4/4
  1067 | D:2      | Found a sparkling altar of Nemelex Xobeh.
  1067 | D:2      | XOM: 3-stop teleportation journey
  1222 | D:2      | XOM: divination: detect creatures
  1674 | D:2      | XOM: god gift: 21 gold pieces
  1730 | D:2      | XOM: mild Tloc miscast
  2029 | D:2      | XOM: god gift: thick smoking staff {god gift}
  2035 | D:2      | XOM: mild Fire miscast
  2122 | D:3      | Noticed Robin
  2165 | D:3      | XOM: mild Tloc miscast
  2169 | D:3      | XOM: enchant monster (bad)
  2170 | D:3      | XOM: summons friendly crimson imp
  2171 | D:3      | Killed from afar by an orc priest

Skill      XL: |  1  2 |
---------------+-------+-----
Dodging        | 1 |  1.1
Axes           | 3 |  3.9
Armour         | 2 |  2.6
Fighting       | |  3.7

Action                   |  1- 3 |  4- 6 || total
-------------------------+-------+-------++-------
Melee: Hand axe          |    39 |    19 ||    58
       Kick              |     9 |    16 ||    25
       War axe           |    22 |    80 ||   102
  Use: Scroll            |     3 |     2 ||     5
       Potion            |       |     6 ||     6
  Eat: Bread ration      |       |     1 ||     1
       Fruit             |       |     1 ||     1
       Chunk             |       |     1 ||     1
Armor: Leather armour    |     9 |       ||     9
       Plate armour      |    69 |   209 ||   278
       Skin              |       |    32 ||    32
Dodge: Dodged            |    31 |    65 ||    96
